[Event "Early-Titled-Tuesday-Blitz-October-03-2023"]
[Site "Chess.com"]
[Date "2023.10.03"]
[Round "7"]
[White "microbear"]
[Black "Kyrie-Eleven"]
[Result "0-1"]
[WhiteElo "2188"]
[BlackElo "2295"]
[TimeControl "180+1"]
[EndTime "9:19:37 PDT"]
[Termination "Kyrie-Eleven won by resignation"]

1. e4 e6 2. d4 d5 3. e5 c5 4. c3 Nc6 5. Bb5 Qb6 6. Bxc6+ bxc6 7. Ne2 Ba6 8. O-O Ne7 9. b3 cxd4 10. cxd4 Nf5 11.
Be3 Nxe3 12. fxe3 Be7 13. Nbc3 O-O 14. Rf3 f6 15. exf6 Bxf6 16. Na4 Qb5 17. Nf4 e5 18. Ne6 exd4 19. Nc7 Qa5 20. Nxa8 dxe3 21. Rxf6 Rxf6 22. Qe1 Qxe1+ 23. Rxe1 e2 24. Rxe2 Bxe2 25. h3 Rf7 26. Nc5 d4 27. Kh2 d3 28. Ne4 Rd7 29. Nd2 c5 30. Kg3 Bh5 31. Kf4 Re7 32. g4 Bg6 33. h4 Re2 34. Nc4 d2 35. Nxd2 Rxd2 36. Nc7 Rxa2 0-1

[Event "Early-Titled-Tuesday-Blitz-October-03-2023"]
[Site "Chess.com"]
[Date "2023.10.03"]
[Round "7"]
[White "IwkooO"]
[Black "nrvignesh"]
[Result "1-0"]
[WhiteElo "2672"]
[BlackElo "2809"]
[TimeControl "180+1"]
[EndTime "9:19:38 PDT"]
[Termination "IwkooO won on time"]

1. e4 c6 2. d4 d5 3. f3 dxe4 4. fxe4 e5 5. Nf3 Bg4 6. Bc4 Nd7 7. O-O Ngf6 8. c3 Bd6 9. Be3 O-O 10. Nbd2 Qc7 11.
h3 Bh5 12. Qc2 Bg6 13. Nh4 b5 14. Bd3 a6 15. Nf5 c5 16. d5 c4 17. Be2 Bc5 18. Bxc5 Nxc5 19. Rae1 Bxf5 20. Rxf5 Ne8 21.
b3 cxb3 22. axb3 f6 23. b4 Nd7 24. c4 bxc4 25. Nxc4 Nd6 26. Rf2 Rfc8 27. Rc1 Nb6 28. Ne3 Qa7 29. Qb1 Rxc1+ 30. Qxc1 Nxe4 31. Rf3 Rc8 32.
Qb2 Nxd5 33. Qb3 Nc3 34. Bc4 Kf8 35. Bxd5 e4 36. Bxe4 Nxe4 37. Qe6 1-0

[Event "Early-Titled-Tuesday-Blitz-October-03-2023"]
[Site "Chess.com"]
[Date "2023.10.03"]
[Round "7"]
[White "vugarrasulov"]
[Black "AlmasRakhmatullaev"]
[Result "1-0"]
[WhiteElo "2955"]
[BlackElo "2807"]
[TimeControl "180+1"]
[EndTime "9:19:40 PDT"]
[Termination "vugarrasulov won on time"]

1. Nf3 Nf6 2. c4 e6 3. g3 d5 4.
Bg2 Be7 5. O-O c6 6. Qc2 O-O 7. d4 Nbd7 8. h4 b6 9. Nbd2 Bb7 10. e4 dxe4 11. Nxe4 Nxe4 12. Qxe4 Nf6 13. Qc2 c5 14. Rd1 Qc8 15. Qe2 cxd4 16. Nxd4 Bxg2 17. Kxg2 Rd8 18. b3 Bc5 19. Bb2 Qb7+ 20. Qf3 Qxf3+ 21. Kxf3 Bxd4 22. Bxd4 Ne8 23. c5 bxc5 24. Bxc5 Rdc8 25. Rac1 h5 26. Be3 Rcb8 27. Rc4 a5 28. Ra4 Rb5 29.
Rc1 Nf6 30. Rc5 Rxc5 31. Bxc5 Nd7 32. Bd4 e5 33. Be3 f5 34. b4 Nf6 35. Rxa5 Rb8 36. a3 e4+ 37. Kf4 g6 38. Bd4 Ng4 39. b5 Rd8 40. Be3 Rd1 41. a4 Rb1 42. Ra6 Kg7 43. b6 Rb3 44. a5 Kh6 45. Ra8 Rb1 46. Rh8+ Kg7 47. Rc8 Kh6 48. Rc7 Rb2 49. b7 Nxf2 50. Ke5+ 1-0

[Event "Early-Titled-Tuesday-Blitz-October-03-2023"]
[Site "Chess.com"]
[Date "2023.10.03"]
[Round "7"]
[White "Fradi82"]
[Black "Predator0608"]
[Result "0-1"]
[WhiteElo "2334"]
[BlackElo "2478"]
[TimeControl "180+1"]
[EndTime "9:19:40 PDT"]
[Termination "Predator0608 won by checkmate"]

1. e4 c5 2. Nf3 d6 3. d4 cxd4 4.
Nxd4 Nf6 5. Nc3 a6 6. Qe2 e5 7. Nf5 d5 8. Bg5 d4 9. O-O-O Nc6 10.
Qf3 h6 11. Bxf6 gxf6 12. Nd5 Be6 13. Bc4 b5 14. Bb3 Na5 15. Kb1 Nxb3 16. axb3 Rg8 17. Rhe1 a5 18. c3 Bxd5 19. exd5 dxc3 20. bxc3 Qd7 21.
d6 Rc8 22. Kb2 Rg5 23. g4 h5 24. h3 a4 25. b4 Kd8 26. Rd5 Qe6 27. Red1 hxg4 28.
hxg4 Rb8 29. d7 Rg8 30. Nd6 Rh8 31. R5d3 Qb3+ 32. Kc1 a3 33. Nb7+ Rxb7 34. R1d2 a2 35. Rxa2 Qxa2 36. Qxb7 Rh1+ 37. Rd1 Qa1+ 38. Kd2 Qxd1+ 39.
Ke3 Re1# 0-1

[Event "Early-Titled-Tuesday-Blitz-October-03-2023"]
[Site "Chess.com"]
[Date "2023.10.03"]
[Round "7"]
[White "Alexandr_Predke"]
[Black "szachuspl"]
[Result "1-0"]
[WhiteElo "2881"]
[BlackElo "2543"]
[TimeControl "180+1"]
[EndTime "9:19:41 PDT"]
[Termination "Alexandr_Predke won by resignation"]

1. d4 Nf6 2. Nf3 g6 3. Bg5 Bg7 4. Nbd2 d5 5. e3 O-O 6. Be2 Bg4 7. O-O Nbd7 8. c4 c6 9. Qb3 Qb6 10. cxd5 cxd5 11. Rfc1 Bxf3 12. Bxf3 e6 13. Qxb6 Nxb6 14. a4 Rfc8 15. a5 Nbd7 16. Bf4 Bf8 17. Kf1 a6 18. Ke2 Bb4 19. Nb3 Kf8 20. Bc7 Ne8 21. Bg3 Bd6 22.
Rc3 Rxc3 23. bxc3 Rc8 24. Kd3 Bxg3 25. hxg3 Nd6 26. Nd2 f5 27. g4 Nf6 28. gxf5 exf5 29. Rb1 Rc7 30. Rb6 Ke7 31. Rb4 Nfe4 32. Bxe4 fxe4+ 33. Kc2 Nb5 34. Rb3 Kd6 35. f3 exf3 36. gxf3 Rf7 37. Kd3 Kc7 38. c4 dxc4+ 39. Kxc4 h5 40.
Kd3 h4 41. Rb1 g5 42. Rg1 Rg7 43. Ne4 Nd6 44. Nxg5 Nf5 45. Ne6+ Kd6 46. Nxg7 1-0

[Event "Early-Titled-Tuesday-Blitz-October-03-2023"]
[Site "Chess.com"]
[Date "2023.10.03"]
[Round "7"]
[White "tylityli"]
[Black "noblerone"]
[Result "0-1"]
[WhiteElo "2342"]
[BlackElo "2495"]
[TimeControl "180+1"]
[EndTime "9:19:43 PDT"]
[Termination "noblerone won on time"]

1. d4 d5 2. c4 c6 3. cxd5 cxd5 4. Bf4 Nf6 5. e3 Nc6 6. Nc3 a6 7. Bd3 Bg4 8. Nge2 e6 9. O-O Bd6 10. f3 Bh5 11. Rc1 O-O 12. a3 Rc8 13. b4 Bg6 14. g4 Bxd3 15. Qxd3 b5 16. Bg5 Be7 17.
Rc2 Nd7 18. Bxe7 Nxe7 19. Na2 Nb6 20. Rxc8 Qxc8 21. Rc1 Nc4 22. a4 Ng6 23. a5 Nh4 24. Kf2 Qc7 25. Ng3 Rc8 26. Rc3 Qd6 27. f4 g6 28. Qf1 h6 29. Qh3 g5 30. Nh5 Qe7 31.
Qg3 Rf8 32. Qh3 f5 33. Ke2 Qh7 34. Rc1 fxg4 35. Qxg4 Qe4 0-1

[Event "Early-Titled-Tuesday-Blitz-October-03-2023"]
[Site "Chess.com"]
[Date "2023.10.03"]
[Round "7"]
[White "Aleksandar-Topalov"]
[Black "Jojo_898"]
[Result "1-0"]
[WhiteElo "2413"]
[BlackElo "2366"]
[TimeControl "180+1"]
[EndTime "9:19:43 PDT"]
[Termination "Aleksandar-Topalov won on time"]

1. b3 Nf6 2. Bb2 g6 3. Bxf6 exf6 4. c4 Bg7 5. Nc3 O-O 6. e3 c6 7. Nge2 d5 8. cxd5 cxd5 9. d4 Nc6 10. g3 Be6 11.
Bg2 Qd7 12. O-O Rad8 13. Nf4 Ne7 14. Rc1 g5 15. Nd3 b6 16. a4 Bh3 17. Nb5 Bxg2 18. Kxg2 Ng6 19. Rc7 Qe6 20. Rxa7 f5 21. Qf3 Bh6 22. Rc1 f4 23. exf4 gxf4 24. Rcc7 Qf5 25. h4 Qe4 26. h5 Nh8 27. Nxf4 Bxf4 28. gxf4 Rfe8 29. Qxe4 Rxe4 30. Kf3 Kg7 31. Rc6 Re1 32.
Rxb6 Rh1 33. h6+ Kf8 34. Rab7 Rh3+ 35. Kg4 Rxb3 36. Rb8 1-0

[Event "Early-Titled-Tuesday-Blitz-October-03-2023"]
[Site "Chess.com"]
[Date "2023.10.03"]
[Round "7"]
[White "Likvidator228"]
[Black "ChessicallyInclined"]
[Result "1-0"]
[WhiteElo "2578"]
[BlackElo "2776"]
[TimeControl "180+1"]
[EndTime "9:19:44 PDT"]
[Termination "Likvidator228 won by checkmate"]

1. d4 Nf6 2. Nf3 d5 3. Bf4 c5 4.
e3 Nc6 5. Nbd2 Qb6 6. dxc5 Qxb2 7. Rb1 Qc3 8. Bb5 g6 9. O-O Bg7 10. Nb3 O-O 11. Nfd4 Bd7 12. a4 Ne4 13. Ne2 Qf6 14.
Qxd5 Bf5 15. Qc4 e5 16. Bg3 h5 17. h3 Rfd8 18. Rbd1 Rxd1 19. Rxd1 h4 20. Bh2 Nxf2 21.
Rd6 Nxh3+ 22. gxh3 Qg5+ 23. Kf2 Bxh3 24. Qe4 Bf5 25. Qg2 Qxg2+ 26. Kxg2 Bxc2 27. Nd2 Rc8 28. Rd7 Na5 29. Bd3 Bxd3 30. Rxd3 Rxc5 31. Rd8+ Kh7 32. Ne4 Rc4 33. Ng5+ Kh6 34. Nxf7+ Kh5 35. Nxe5 Bxe5 36.
Bxe5 Rxa4 37. Rd5 g5 38. Bf4 Kg4 39. Rxg5# 1-0

[Event "Early-Titled-Tuesday-Blitz-October-03-2023"]
[Site "Chess.com"]
[Date "2023.10.03"]
[Round "7"]
[White "ChampStan"]
[Black "lolo9292"]
[Result "1-0"]
[WhiteElo "2100"]
[BlackElo "2149"]
[TimeControl "180+1"]
[EndTime "9:19:44 PDT"]
[Termination "ChampStan won by checkmate"]

1. e4 e6 2. d4 b6 3. Nf3 Bb7 4.
Nc3 Bb4 5. Bd3 Nf6 6. O-O Bxc3 7. bxc3 Nxe4 8. Bd2 d5 9. Bxe4 dxe4 10. Ne5 Nd7 11.
Nxd7 Qxd7 12. Bf4 c5 13. dxc5 Qxd1 14. Raxd1 bxc5 15. Rd6 Bd5 16. a3 Rd8 17. Rxd8+ Kxd8 18. Rb1 Kd7 19. Rd1 Kc6 20. a4 f6 21. Be3 Rb8 22. Kf1 Rb2 23. Rc1 Ra2 24. Rb1 Rxa4 25. Ke1 Ra2 26. Kd2 a5 27. Rb8 a4 28. Rc8+ Kb5 29. Rxc5+ Ka6 30. c4 Bb7 31. Kc3 Ra1 32. Rc7 a3 33. Rxg7 f5 34. Re7 Rg1 35. Rxe6+ Ka5 36.
Kb3 Rxg2 37. Kxa3 Bc6 38. Rxc6 f4 39. Bxf4 Rxf2 40. Bg3 Rf3+ 41. Kb2 Kb4 42. Re6 e3 43. Re4 Kc5 44. Bf4 e2 45. Bg3 h5 46. Rxe2 Kxc4 47. Re4+ Kd5 48. Re5+ Kc4 49. Rxh5 Rf6 50. Rh4+ Kb5 51.
Kb3 Rf3+ 52. c3 Kc5 53. Rh5+ Kc6 54. Kc4 Kb6 55. Rh6+ Kb7 56. Kb4 Ka7 57. c4 Kb7 58.
Kc5 Rf1 59. Rh7+ Kc8 60. Kc6 Kd8 61. Bd6 Ra1 62. Rh8# 1-0

[Event "Early-Titled-Tuesday-Blitz-October-03-2023"]
[Site "Chess.com"]
[Date "2023.10.03"]
[Round "7"]
[White "ValentunHulka"]
[Black "Grossboss19"]
[Result "1-0"]
[WhiteElo "2791"]
[BlackElo "2535"]
[TimeControl "180+1"]
[EndTime "9:19:46 PDT"]
[Termination "ValentunHulka won on time"]

1. c4 e6 2. Nf3 d5 3. g3 d4 4. Bg2 c5 5. O-O Nc6 6. b3 Nf6 7. Bb2 Be7 8. e3 e5 9. exd4 exd4 10.
Re1 O-O 11. Ne5 Nxe5 12. Rxe5 Bd6 13. Re1 Qc7 14. d3 Bf5 15. Qc2 Rfe8 16. Nd2 Rxe1+ 17. Rxe1 Re8 18. Rxe8+ Nxe8 19. Ne4 Be7 20. b4 b6 21. bxc5 bxc5 22. Bc1 Nd6 23. Nxd6 Bxd6 24. Bd5 h6 25. Qe2 Qe7 26. Qf3 Bg6 27. Bd2 Kh7 28. h4 Qf6 29. h5 Bf5 30. Be4 Bxe4 31. Qxe4+ g6 32. a4 Qe7 33. hxg6+ fxg6 34. Qd5 Be5 35. a5 Bc7 36. a6 Bb6 37. Qb7 Qg7 38. Bf4 Kg8 39. Qd5+ Qf7 40. Qb7 Kf8 41. Bd6+ Kg8 42. Kg2 h5 43.
Kg1 Kg7 44. Qc8 Kf6 45. Bxc5 1-0

[Event "Early-Titled-Tuesday-Blitz-October-03-2023"]
[Site "Chess.com"]
[Date "2023.10.03"]
[Round "7"]
[White "Leonid_Starozhilov"]
[Black "isaak2009"]
[Result "1-0"]
[WhiteElo "2739"]
[BlackElo "2547"]
[TimeControl "180+1"]
[EndTime "9:19:48 PDT"]
[Termination "Leonid_Starozhilov won on time"]

1. e4 e5 2. Nc3 Nc6 3. Nf3 Nf6 4. Bb5 Nd4 5. Bc4 Bc5 6. d3 d6 7. h3 h6 8. a3 a6 9. Ba2 Be6 10. Be3 Qd7 11. Bxd4 Bxd4 12. Nxd4 exd4 13. Ne2 c5 14. O-O O-O-O 15. b4 Kb8 16. Qd2 Ka8 17. Rfb1 g5 18.
bxc5 dxc5 19. Qa5 Rc8 20. Rb6 Rc6 21. Bxe6 fxe6 22. Rab1 Qc7 23. R6b5 Qxa5 24. Rxa5 Nd7 25. Ra4 Rb8 26. c4 Ne5 27. Rb3 Rf8 28. Ra5 Ka7 29.
Nxd4 cxd4 30. Rxe5 Rf7 31. g3 Kb8 32. c5 Kc7 33.
Kg2 Kd7 34. Rxb7+ Ke8 35. Rxf7 Kxf7 36. f4 Kf6 37. Kf3 Rc7 38. h4 1-0

[Event "Early-Titled-Tuesday-Blitz-October-03-2023"]
[Site "Chess.com"]
[Date "2023.10.03"]
[Round "7"]
[White "NMJeevanK"]
[Black "arenal72"]
[Result "1-0"]
[WhiteElo "2530"]
[BlackElo "2371"]
[TimeControl "180+1"]
[EndTime "9:19:48 PDT"]
[Termination "NMJeevanK won on time"]

1. e4 Nc6 2. Nf3 d6 3. d4 Nf6 4.
Nc3 g6 5. Bg5 Bg7 6. Qd2 a6 7. d5 Nb8 8. Bh6 O-O 9. O-O-O b5 10. Bxg7 Kxg7 11. Bd3 c5 12. e5 dxe5 13. Nxe5 Qd6 14. f4 c4 15. Be2 Bb7 16. h4 Nbd7 17. Qd4 Qc5 18. h5 Qxd4 19. Rxd4 Nb6 20. d6 Rfd8 21.
h6+ Kf8 22. Rhd1 e6 23. g4 Nfd5 24. f5 f6 25. Nxd5 Bxd5 26. fxe6 Bxe6 27. Rf1 Bf5 28. Nc6 Re8 29. Bd1 Bd7 30. Rxf6+ Kg8 31. Ne7+ Kh8 32. g5 Rf8 33. Rdf4 Rxf6 34. Rxf6 b4 35. Bf3 Rd8 36. Rf7 Be6 37. Rf6 Bf5 38. c3 bxc3 39.
bxc3 Bd3 40. Bc6 1-0

[Event "Early-Titled-Tuesday-Blitz-October-03-2023"]
[Site "Chess.com"]
[Date "2023.10.03"]
[Round "7"]
[White "vladislavkovalev"]
[Black "sergoy"]
[Result "1-0"]
[WhiteElo "2876"]
[BlackElo "3013"]
[TimeControl "180+1"]
[EndTime "9:19:50 PDT"]
[Termination "vladislavkovalev won by resignation"]

1. e4 c6 2. Nf3 d5 3. d3 dxe4 4. dxe4 Qxd1+ 5. Kxd1 Nf6 6. Nbd2 g6 7. Ne5 Nbd7 8. Nd3 Bg7 9. f3 O-O 10. c3 Ne8 11. Kc2 Nd6 12. Nb3 f5 13. exf5 gxf5 14. Bd2 e5 15. Rd1 Nb6 16. Bc1 Re8 17. Ndc5 Nf7 18.
Na5 Rb8 19. b4 e4 20. c4 e3 21. Be2 f4 22. Kb3 Re7 23. g3 fxg3 24. hxg3 Nd7 25. f4 Nxc5+ 26. bxc5 Bd7 27. Ba3 b6 28. cxb6 Rxb6+ 29. Kc2 Bf5+ 30. Bd3 e2 31. Bxe7 Rb2+ 32. Kc1 exd1=Q+ 33. Rxd1 Rxa2 34. Bxf5 Rxa5 35. Be6 Ra1+ 36. Kc2 Ra2+ 37. Kb3 Re2 38. Rd8+ 1-0

[Event "Early-Titled-Tuesday-Blitz-October-03-2023"]
[Site "Chess.com"]
[Date "2023.10.03"]
[Round "7"]
[White "wannabe2700"]
[Black "JoseRemolar"]
[Result "0-1"]
[WhiteElo "2676"]
[BlackElo "2477"]
[TimeControl "180+1"]
[EndTime "9:19:50 PDT"]
[Termination "JoseRemolar won by checkmate"]

1. b3 e5 2. Bb2 Nc6 3. e3 Nf6 4. Nf3 e4 5. Nd4 d5 6. Nxc6 bxc6 7. d3 Bb4+ 8. Nd2 Bf5 9. a3 Bd6 10. dxe4 dxe4 11. Be2 O-O 12. g4 Bg6 13. h4 h6 14.
Rg1 Nd5 15. g5 hxg5 16. h5 Bh7 17. h6 f6 18. hxg7 Rf7 19. Bc4 Qe7 20. Qh5 Be5 21. Bxe5 Qxe5 22. Rd1 Rxg7 23. Nf1 Qc3+ 24. Rd2 Kh8 25.
Ng3 Rd8 26. Qd1 Nxe3 27. fxe3 Rgd7 28. Nf1 Rxd2 29. Nxd2 Qxe3+ 30. Kf1 Rxd2 31. Qxd2 Qxd2 32. Rg3 e3 33. Be2 Bxc2 34. Rf3 Bd3 35. Bxd3 Qxd3+ 36. Kg2 Qd2+ 37. Kg3 e2 38. Rxf6 e1=Q+ 39. Kg4 Qg2+ 40.
Kh5 Qh3+ 41. Kg6 Qh7+ 42. Kxg5 Qg3# 0-1

[Event "Early-Titled-Tuesday-Blitz-October-03-2023"]
[Site "Chess.com"]
[Date "2023.10.03"]
[Round "7"]
[White "maracayo"]
[Black "mortngabriel"]
[Result "0-1"]
[WhiteElo "2387"]
[BlackElo "2575"]
[TimeControl "180+1"]
[EndTime "9:19:51 PDT"]
[Termination "mortngabriel won on time"]

1. e4 c5 2. Nf3 Nc6 3. Bb5 d6 4. O-O Bd7 5. Re1 a6 6. Bxc6 Bxc6 7. c3 e6 8. d4 cxd4 9. cxd4 Nf6 10. d5 Bd7 11. dxe6 Bxe6 12. Nc3 Be7 13. Bf4 O-O 14.
h3 Qd7 15. Qd2 Rfd8 16. Rad1 Rac8 17. Nd4 Bf8 18. Bg5 Be7 19. Nf5 Bxf5 20. exf5 Re8 21. Bxf6 Bxf6 22. Nd5 Qxf5 23. g4 Qg6 24. Re3 h5 25.
Rde1 Rxe3 26. Nxe3 Bg5 27. gxh5 Qxh5 28. Qe2 Qg6 29. Ng4 f5 30. Nh2 Bd2+ 31. Kh1 Bxe1 32.
Qxe1 Re8 33. Qd2 Qe6 34. Kg2 Qe4+ 35. Nf3 Re6 0-1

[Event "Early-Titled-Tuesday-Blitz-October-03-2023"]
[Site "Chess.com"]
[Date "2023.10.03"]
[Round "7"]
[White "Yushko_Olga"]
[Black "Dmitry_Konenkin"]
[Result "1-0"]
[WhiteElo "2105"]
[BlackElo "2364"]
[TimeControl "180+1"]
[EndTime "9:19:51 PDT"]
[Termination "Yushko_Olga won on time"]

1. d4 d6 2. Nf3 Bg4 3. c4 Nd7 4. e3 e5 5. Be2 Ngf6 6. O-O Be7 7. Nc3 O-O 8. dxe5 dxe5 9. Nd5 Nxd5 10. cxd5 Nb6 11. e4 Bd6 12. Be3 g6 13. Rc1 f5 14.
h3 Bxf3 15. Bxf3 Qh4 16. exf5 gxf5 17. Bc5 e4 18. Bxd6 cxd6 19. Bh5 Rac8 20. Rxc8 Rxc8 21. Be2 Rc5 22. Qb3 Kg7 23. Rd1 Qf6 24. Qa3 a6 25.
Qb4 Qd8 26. Qd4+ Qf6 27. Qb4 Qd8 28. a4 Qc7 29. Qd4+ Kg8 30. Qf6 Qd7 31. Qg5+ Kh8 32.
Qf6+ Kg8 33. Qg5+ Kh8 34. a5 Nc8 35. b4 Rc2 36. Qf6+ Kg8 37. Bh5 Qe7 38. Qxf5 Qe5 39. Qf7+ 1-0

[Event "Early-Titled-Tuesday-Blitz-October-03-2023"]
[Site "Chess.com"]
[Date "2023.10.03"]
[Round "7"]
[White "NovikovaGalina"]
[Black "grandemestregringo"]
[Result "1-0"]
[WhiteElo "2427"]
[BlackElo "2525"]
[TimeControl "180+1"]
[EndTime "9:19:52 PDT"]
[Termination "NovikovaGalina won on time"]

1. e4 c6 2. d4 d5 3. e5 Bf5 4.
Nc3 e6 5. g4 Bg6 6. Nge2 h5 7.
Nf4 Bh7 8. Nxh5 c5 9. Be3 Nc6 10. Qd2 cxd4 11. Bxd4 Nge7 12. O-O-O Nxd4 13. Qxd4 Nc6 14. Bb5 a6 15. Bxc6+ bxc6 16. f4 Rb8 17. Qa4 Qc8 18.
f5 Rb4 19. Qa5 Rxg4 20. fxe6 fxe6 21. Rhg1 Bf5 22. Ng3 Bg6 23. Nge2 Rhh4 24. h3 Rxg1 25. Rxg1 Bf5 26. Qb6 c5 27. a3 g5 28. Ng3 Bh7 29. Rf1 Rxh3 30. Nxd5 exd5 31. Qf6 Be7 32.
Qf7+ Kd8 33. Nh5 Qg4 34. Ng7 Qe4 35. Ne6+ Kc8 36. Qe8+ Kb7 37. Qxe7+ Kb6 38. Qxc5+ Kb7 39. Rf7+ Kb8 40. Qc7+ 1-0

[Event "Early-Titled-Tuesday-Blitz-October-03-2023"]
[Site "Chess.com"]
[Date "2023.10.03"]
[Round "7"]
[White "TregubovP"]
[Black "Biregina"]
[Result "1-0"]
[WhiteElo "2609"]
[BlackElo "2463"]
[TimeControl "180+1"]
[EndTime "9:19:53 PDT"]
[Termination "TregubovP won by resignation"]

1. e4 d6 2. d4 Nf6 3. Nc3 e5 4.
Nf3 Nbd7 5. Bc4 Be7 6. O-O O-O 7.
Re1 c6 8. a4 a5 9. Ba2 h6 10. Nh4 Re8 11. Ng6 exd4 12. Qxd4 Nc5 13. Bf4 Be6 14. Nxe7+ Rxe7 15. Qxd6 Bxa2 16. Qxc5 Be6 17. Rad1 Rd7 18. Rxd7 Nxd7 19. Qd6 Qb6 20. b3 Qb4 21. Qxb4 axb4 22. Ne2 c5 23. Bd6 Ra6 24. Rd1 Rc6 25. e5 Nb6 26. f3 Nd5 27. Kf2 Nc3 28.
Nxc3 bxc3 29. Rd3 c4 30. Rxc3 cxb3 31. Rxc6 bxc6 32. cxb3 Bxb3 33. a5 Bc4 34. Ke3 Bf1 35.
Kd4 c5+ 36. Kxc5 Bxg2 37. f4 g5 38. f5 Be4 39. e6 fxe6 40. fxe6 h5 41. a6 g4 42. Bg3 Kf8 43. Kd6 Ke8 44. Bh4 Bf3 45.
a7 Be4 46. Kc7 Bd5 47. Kb8 Bc6 48. a8=Q Bxa8 49. Kxa8 g3 50. hxg3 1-0

[Event "Early-Titled-Tuesday-Blitz-October-03-2023"]
[Site "Chess.com"]
[Date "2023.10.03"]
[Round "7"]
[White "Witty_Alien"]
[Black "Rital44"]
[Result "1-0"]
[WhiteElo "2276"]
[BlackElo "2500"]
[TimeControl "180+1"]
[EndTime "9:19:53 PDT"]
[Termination "Witty_Alien won by checkmate"]

1. e4 c5 2. Nf3 Nc6 3. d4 cxd4 4. c3 dxc3 5. Bc4 e6 6. O-O a6 7. Nxc3 Nge7 8. Re1 Ng6 9. Nd5 d6 10. Bg5 f6 11.
Bh4 exd5 12. exd5+ Nce5 13. Nxe5 dxe5 14. Qh5 Bd6 15.
f4 O-O 16. fxe5 Nxe5 17. Rxe5 Bxe5 18. d6+ Kh8 19. Bd3 Qb6+ 20. Bf2 Qxf2+ 21. Kxf2 f5 22. Re1 Bxd6 23. Re8 Bd7 24. Rxa8 Rxa8 25. Qf7 Rd8 26. Qd5 Bc6 27. Qf7 Rf8 28. Qh5 g6 29.
Qh6 Re8 30. h4 Bc5+ 31. Kf1 Re3 32. Bc4 Re4 33. Bf7 Rg4 34. h5 Bxg2+ 35. Ke2 Be4 36. hxg6 Rg2+ 37. Kf1 Rxg6 38. Bxg6 Kg8 39. Qxh7+ Kf8 40.
Qf7# 1-0

[Event "Early-Titled-Tuesday-Blitz-October-03-2023"]
[Site "Chess.com"]
[Date "2023.10.03"]
[Round "7"]
[White "djano"]
[Black "sokidze"]
[Result "0-1"]
[WhiteElo "2673"]
[BlackElo "2798"]
[TimeControl "180+1"]
[EndTime "9:19:54 PDT"]
[Termination "sokidze won by resignation"]

1. d4 Nf6 2. Bf4 c5 3. d5 d6 4. Nc3 e5 5. Bd2 g6 6. e4 Bg7 7. h4 h6 8. f3 Na6 9. Qe2 Nc7 10. Nh3 Bd7 11. O-O-O b5 12. Qf2 b4 13. Ne2 Nb5 14. Kb1 Rb8 15. Ka1 Qa5 16. Nc1 Nd4 17.
Be3 Qa4 18. Bxd4 exd4 19. Bc4 O-O 20. h5 g5 21. Nxg5 hxg5 22. h6 Bh8 23. Qg3 Nh7 24.
f4 Bb5 25. Bb3 Qa5 26. fxg5 Be5 27. Qg4 c4 28. g6 fxg6 29. Rh5 Rf6 30. Rf5 Bd7 31.
Bxc4 Kh8 32. Nb3 Qc7 33. Bd3 Rg8 34. Qe2 gxf5 35. exf5 Bxf5 36. Bxf5 Rxf5 37. Nxd4 Bxd4 38. Rxd4 Qf7 39. Rd1 Re8 40. Qb5 Rxd5 0-1

[Event "Early-Titled-Tuesday-Blitz-October-03-2023"]
[Site "Chess.com"]
[Date "2023.10.03"]
[Round "7"]
[White "Zablotsky"]
[Black "themind1hunter"]
[Result "1-0"]
[WhiteElo "2734"]
[BlackElo "2540"]
[TimeControl "180+1"]
[EndTime "9:19:54 PDT"]
[Termination "Zablotsky won by resignation"]

1. Nf3 d5 2. g3 c6 3. Bg2 Bg4 4.
O-O e6 5. c4 Nf6 6. Ne5 Bf5 7.
cxd5 exd5 8. d3 Bd6 9. Bf4 O-O 10.
Qb3 Qc7 11. d4 Re8 12. Nc3 Nh5 13. Rac1 Nxf4 14. gxf4 Qe7 15. Rfe1 Be6 16. Na4 Na6 17. Qf3 f6 18. Nd3 Nb4 19. f5 Bf7 20. Nac5 Nxa2 21.
Ra1 b6 22. Na6 Nb4 23. Ndxb4 Bxb4 24. Rec1 Rac8 25. Qd3 Bd6 26. e3 Red8 27. Rc2 c5 28. dxc5 bxc5 29. Rac1 c4 30. Qd2 Qb7 31. Qa5 Qb6 32. Qa4 Rc6 33. Ra1 Kh8 34. b4 Be5 35. b5 Rcd6 36. Rd1 d4 37. exd4 Bxd4 38. Re1 Bc5 39.
Nxc5 Qxc5 40. Qa5 Bd5 41. Rce2 Bxg2 42. Re8+ 1-0

[Event "Early-Titled-Tuesday-Blitz-October-03-2023"]
[Site "Chess.com"]
[Date "2023.10.03"]
[Round "7"]
[White "MAGMAchess02"]
[Black "vladgoncharov"]
[Result "1/2-1/2"]
[WhiteElo "2363"]
[BlackElo "2513"]
[TimeControl "180+1"]
[EndTime "9:19:55 PDT"]
[Termination "Game drawn by repetition"]

1. Nf3 Nf6 2. c4 c5 3. g3 Nc6 4.
Bg2 d6 5. Nc3 g6 6. O-O Bg7 7.
d4 cxd4 8. Nxd4 Bd7 9. b3 O-O 10. Bb2 Qa5 11. Nd5 Nxd5 12. Nxc6 bxc6 13. Bxg7 Kxg7 14. cxd5 c5 15. e4 f6 16. f4 Qb4 17.
a3 Qb6 18. Kh1 a5 19. Rb1 Rab8 20. Qd2 h5 21. Qc3 Rh8 22. e5 h4 23. Rfe1 Qd8 24.
Re3 hxg3 25. Rxg3 Bf5 26. Re1 Rh4 27. Qe3 Rb7 28. Be4 Rxb3 29. Qxb3 Bxe4+ 30. Rxe4 dxe5 31. Rg2 exf4 32. Qd3 g5 33. Qf3 Qd6 34. Qe2 Kf7 35.
Re6 Qxd5 36. Rxe7+ Kg6 37. Qe4+ Qxe4 38. Rxe4 Rh3 39. Rc4 Rxa3 40. Rg1 Ra2 41. Rxc5 a4 42. Ra5 a3 43. Rg2 Ra1+ 44. Rg1 Ra2 45. Rg2 Ra1+ 46.
Rg1 Ra2 1/2-1/2

[Event "Early-Titled-Tuesday-Blitz-October-03-2023"]
[Site "Chess.com"]
[Date "2023.10.03"]
[Round "7"]
[White "Iball95"]
[Black "SashaKuzhilniy"]
[Result "1/2-1/2"]
[WhiteElo "2765"]
[BlackElo "2629"]
[TimeControl "180+1"]
[EndTime "9:19:56 PDT"]
[Termination "Game drawn - insufficient material"]

1. e4 g6 2. d4 Bg7 3. Nf3 d6 4. Nc3 a6 5. Be3 b5 6. h4 Nf6 7. e5 Ng4 8. Bf4 dxe5 9. Nxe5 Nxe5 10. Bxe5 Bxe5 11. dxe5 Qxd1+ 12. Rxd1 Bb7 13. a4 b4 14. Nd5 Bxd5 15. Rxd5 Nd7 16. a5 e6 17. Rd4 c5 18.
Re4 Nb8 19. Rc4 Nd7 20. f4 Ke7 21. Bd3 Rac8 22. h5 Rhd8 23. hxg6 hxg6 24. Rh7 Nf8 25. Rh8 Nd7 26. Rxd8 Kxd8 27. Be4 Kc7 28. Kd2 Rb8 29. c3 Rb5 30. cxb4 Rxb4 31. Kc3 Rb5 32. Ra4 Rb8 33.
Bd3 Ra8 34. Rc4 Rb8 35. b4 Rxb4 36. Rxb4 cxb4+ 37. Kxb4 Nb8 38. Be4 Nd7 39. Bf3 g5 40. g3 gxf4 41. gxf4 f6 42. exf6 Nxf6 43. Kc5 Nd7+ 44.
Kd4 Kd6 45. Be2 e5+ 46. fxe5+ Nxe5 47. Bxa6 Nc6+ 48. Ke4 Nxa5 1/2-1/2

[Event "Early-Titled-Tuesday-Blitz-October-03-2023"]
[Site "Chess.com"]
[Date "2023.10.03"]
[Round "7"]
[White "chito89"]
[Black "jk13"]
[Result "1-0"]
[WhiteElo "2801"]
[BlackElo "2628"]
[TimeControl "180+1"]
[EndTime "9:19:57 PDT"]
[Termination "chito89 won by checkmate"]

1. c4 e6 2. Nf3 Nf6 3. g3 d5 4. Bg2 dxc4 5. O-O a6 6. a4 Nc6 7. b3 cxb3 8. Qxb3 Be7 9. Nc3 O-O 10. Ba3 Rb8 11. Bxe7 Qxe7 12. d4 Rd8 13. Rfd1 Bd7 14.
e4 h6 15. e5 Nd5 16. Nxd5 exd5 17. Qxd5 Bh3 18. Qe4 Bxg2 19. Kxg2 Re8 20. Rab1 Na5 21. d5 b6 22. Qd3 Qd7 23. Rb4 b5 24. Rf4 Nc4 25. axb5 axb5 26. Qd4 Rbd8 27. Rg4 g6 28. e6 Qe7 29. Nh4 Kh7 30. Nf5 Qf8 31. Nxh6 Qxh6 32.
Rh4 Qxh4 33. Qxh4+ Kg7 34. exf7 Rf8 35. Re1 Rd7 36. Qd4+ Kh7 37. Re4 g5 38. Re6 Rdxf7 39. Qe4+ Kh8 40. Rh6+ Kg8 41. Qg6+ Rg7 42. Qe6+ Rgf7 43.
Rh5 Kg7 44. Qh6+ Kg8 45. Qh8# 1-0

[Event "Early-Titled-Tuesday-Blitz-October-03-2023"]
[Site "Chess.com"]
[Date "2023.10.03"]
[Round "7"]
[White "copanchess"]
[Black "demondom"]
[Result "1-0"]
[WhiteElo "2171"]
[BlackElo "2075"]
[TimeControl "180+1"]
[EndTime "9:19:57 PDT"]
[Termination "copanchess won on time"]

1. e4 e5 2. Nf3 Nc6 3. Bc4 Bc5 4. c3 Nf6 5. d4 exd4 6. cxd4 Bb4+ 7. Nc3 Nxe4 8. O-O Bxc3 9. d5 Ne7 10. bxc3 d6 11. Qd4 Nf6 12. Bg5 Nf5 13. Rfe1+ Kf8 14.
Qd3 h6 15. Bd2 g5 16. Bb5 Kg7 17. Nd4 Nxd4 18. Qxd4 Bd7 19. Bd3 Re8 20. c4 b6 21.
Bc3 c5 22. dxc6 Bxc6 23. Rxe8 Bxe8 24. Re1 Bc6 25. h4 d5 26. hxg5 hxg5 27. cxd5 Bxd5 28. Re5 Bxg2 29. Rxg5+ Kh6 30. Rxg2 Qxd4 31. Bxd4 Nd5 32. Rh2+ Kg5 33. Be3+ Kf6 34. Be4 Rd8 35. Bxd5 Rxd5 36. Rh6+ Ke7 37. Rh4 f5 38. Ra4 Rd7 39. Ra6 Ke6 40.
Ra4 Ke5 41. Kg2 1-0